 Dungeon Crawl Stone Soup version 0.29.0-4-gdea44cf6ec (webtiles) character file.

Game seed: 2379693617108057196

178 qw the Chopper (level 5, -6/30 HPs)
             Began as a Tengu Warper on Aug 28, 2022.
             Mangled by an iguana (11 damage)
             ... on level 6 of the Dungeon.
             The game lasted 00:00:12 (2798 turns).

qw the Chopper (Tengu Warper)                       Turns: 2798, Time: 00:00:13

Health: -6/30      AC: 10    Str: 13    XL:     5   Next: 58%
Magic:  9/9        EV:  4    Int: 13    God:
Gold:   115        SH:  0    Dex: 14    Spells: 8/8 levels left

rFire   . . .      SeeInvis .   Y - +0 hand axe
rCold   . . .      Faith    .   (no shield)
rNeg    . . .      Spirit   .   d - +0 plate armour
rPois   .          Reflect  .   (helmet restricted)
rElec   .          Harm     .   (no cloak)
rCorr   .          Rampage  .   (no gloves)
Will    .....                   (boots unavailable)
Stlth   ..........              (no amulet)
HPRegen 0.10/turn               (no ring)
MPRegen 0.11/turn               (no ring)

@: flying quickly and evasively, quick
A: beak, talons 3, nimble flight
a: no special abilities


You were on level 6 of the Dungeon.
You visited 1 branch of the dungeon, and saw 4 of its levels.

You collected 115 gold pieces.


Innate Abilities, Weirdness & Mutations

You have a beak for a mouth.
You have claws for feet.
Your magical nature lets you fly swiftly and evasively.


   Skills:
 - Level 2.0 Fighting
 + Level 5.8 Axes
 - Level 1.0 Throwing
 - Level 2.1 Armour
 - Level 2.1 Dodging
 - Level 2.0 Spellcasting
 - Level 2.4 Translocations


You had 8 spell levels left.
You didn't know any spells.
Your spell library contained the following spells:

 Spells                   Type           Power      Damage    Failure   Level
 Blink                    Tloc           14%        N/A       100%        2
 Gell's Gravitas          Tloc           7%         N/A       100%        3
 Lesser Beckoning         Tloc           7%         N/A       100%        3
 Teleport Other           Tloc           7%         N/A       100%        3
 Manifold Assault         Tloc           7%         N/A       100%        5

Inventory:

Hand Weapons
 k - a +0 club
 Y - a +0 hand axe (weapon)
Missiles
 h - 3 boomerangs
 m - 5 silver javelins (quivered)
Armour
 d - a +0 plate armour (worn)
Scrolls
 a - a scroll of identify
Potions
 e - a potion of curing {unknown}
 g - a potion of berserk rage {unknown}
 i - a potion of degeneration {unknown}
 o - a potion of flight {unknown}

Dungeon Overview and Level Annotations

Branches:
Dungeon (3/15)

Altars:
Wu Jian


Message History

You peck the phantom, but do no damage.
The phantom is almost destroyed.
The phantom hits you but does no damage.
You hit the phantom.
You destroy the phantom!
An iguana comes into view.
Your Axes skill increases to level 5!
You have reached level 5!
Your magical nature develops, letting you fly swiftly and evasively.
The iguana hisses angrily.
You barely miss the orc. You claw the orc.
The orc is heavily wounded.
The orc hits you but does no damage.
You hit the orc but do no damage. You claw the orc. You peck the orc.
You kill the orc!
You closely miss the orc. The orc barely misses you.
You hit the orc. You claw the orc.
The orc is almost dead.
The orc hits you but does no damage.
You slash the orc!
You kill the orc!
You barely miss the iguana. You peck the iguana.
The iguana is lightly wounded.
The iguana bites you!
You barely miss the iguana.
The iguana is lightly wounded.
The iguana bites you. The iguana bites you!
You hit the iguana but do no damage.
The iguana is lightly wounded.
The iguana bites you.
You hit the iguana.
The iguana is lightly wounded.
The iguana closely misses you.
You hit the iguana. You claw the iguana!
You punch the iguana, but do no damage.
The iguana is severely wounded.
The iguana bites you but does no damage.
You barely miss the iguana. You peck the iguana.
The iguana is almost dead.
The iguana bites you!
You die...

#.##########..#
#......@l.....#
###.#.#........##
###8### #.######...
##8...8###.# #
##.......##.#
#8..._...8#.######.#
#.......##.).......
##8...8###.######.#
###.#####.#


You could see an iguana.

Vanquished Creatures
  A phantom (D:6)
  Ijyb (D:3)
  2 adders
  2 adder skeletons (D:2)
  An adder zombie (D:2)
  A dart slug (D:1)
  3 orcs (D:6)
  6 bats
  A bat zombie (D:2)
  An endoplasm (D:1)
  5 giant cockroaches
  3 goblins
  8 hobgoblins
  A jackal (D:1)
  5 kobolds
  A quokka (D:1)
  3 ball pythons (D:1)
  2 frilled lizards
  A quokka skeleton (D:2)
  4 rats
52 creatures vanquished.

Vanquished Creatures (others)
  A withered plant (D:2)
1 creature vanquished.

Grand Total: 53 creatures vanquished

Notes
Turn   | Place    | Note
-------+----------+-------------------------------------------
     0 | D:1      | qw the Tengu Warper began the quest for the Orb.
     0 | D:1      | Reached XP level 1. HP: 12/12 MP: 4/4
     0 | D:1      | 0 ||| qw: Version: 0.1-a-89-g26bdef1
     0 | D:1      | 0 ||| qw: Game counter: 2049
     0 | D:1      | 0 ||| qw: Always use a shield: true
     0 | D:1      | 0 ||| qw: God list: Okawaru
     0 | D:1      | 0 ||| qw: Allow faded altars: false
     0 | D:1      | 0 ||| qw: Do Orc after D:15 true
     0 | D:1      | 0 ||| qw: Do second Lair branch before Depths: true
     0 | D:1      | 0 ||| qw: Lair rune preference: random
     0 | D:1      | 0 ||| qw: Plans: Normal
     0 | D:1      | 0 ||| PLANNING D:1-11
    35 | D:1      | 35 ||| Stepping ~*~*~tactically~*~*~ (hiding).
   352 | D:1      | Reached XP level 2. HP: 17/17 MP: 6/6
   355 | D:1      | Reached skill level 3 in Axes
   484 | D:1      | 484 ||| Stepping ~*~*~tactically~*~*~ (stealth).
   486 | D:1      | 486 ||| Stepping ~*~*~tactically~*~*~ (stealth).
   487 | D:1      | 487 ||| Stepping ~*~*~tactically~*~*~ (stealth).
   501 | D:1      | Reached XP level 3. HP: 21/21 MP: 7/7
   752 | D:1      | Reached skill level 4 in Axes
   964 | D:1      | 964 ||| UPGRADING to +0 ring mail.
   974 | D:1      | 974 ||| DROPPING +0 leather armour.
   975 | D:1      | 975 ||| UPGRADING to +0 chain mail.
   985 | D:1      | 985 ||| DROPPING +0 ring mail.
   986 | D:1      | 986 ||| READING 2 scrolls labelled YNLO ZAARPHUR.
   987 | D:1      | 987 ||| READING scroll labelled QIEBLA GURPH.
   988 | D:1      | 988 ||| READING 2 scrolls labelled YXOXOEX GAIZI.
   989 | D:1      | 989 ||| READING scroll labelled YCUKHL QAFAH.
   990 | D:1      | 990 ||| DROPPING scroll of fear.
   991 | D:1      | 991 ||| DROPPING scroll of blinking.
   992 | D:1      | 992 ||| DROPPING scroll of immolation.
  1238 | D:2      | Found a faded altar of an unknown god.
  1712 | D:2      | Reached XP level 4. HP: 26/26 MP: 8/8
  2027 | D:2      | 2027 ||| DROPPING orb of wrath.
  2028 | D:2      | 2028 ||| UPGRADING to +0 plate armour.
  2038 | D:2      | 2038 ||| DROPPING +0 chain mail.
  2039 | D:2      | 2039 ||| READING scroll labelled PAKHLOA NEKK.
  2043 | D:2      | 2043 ||| READING scroll labelled XUIBLENUIM.
  2044 | D:2      | 2044 ||| READING scroll labelled RUCEDIVV MAEN.
  2152 | D:3      | Noticed Ijyb
  2164 | D:3      | HP: 5/26 [Ijyb/puff of flame (5)]
  2170 | D:3      | Killed Ijyb
  2313 | D:3      | 2313 ||| FLEEEEING.
  2314 | D:3      | 2314 ||| STAIRDANCE
  2439 | D:3      | 2439 ||| STAIRDANCE
  2700 | D:3      | You fall into a shaft and drop 3 floors!
  2700 | D:6      | Found an ornate altar of the Wu Jian Council.
  2715 | D:6      | 2715 ||| Stepping ~*~*~tactically~*~*~ (hiding).
  2773 | D:6      | Noticed a phantom
  2786 | D:6      | Killed a phantom
  2787 | D:6      | Reached skill level 5 in Axes
  2787 | D:6      | Gained mutation: Your magical nature lets you fly swiftly
                  | and evasively. [Tengu growth]
  2787 | D:6      | Reached XP level 5. HP: 24/30 MP: 9/9
  2794 | D:6      | HP: 6/30 [iguana (8)]
  2798 | D:6      | Mangled by an iguana

Levels and vault maps discovered:
D:1:      reono_arrival_mine, layout_loops_ring, hangedman_feature_mirror,
          minmay_small_reverse_x
D:2:      layout_basic, serial_undead, serial_undead_a, serial_undead_b,
          serial_undead_a, serial_undead_c, ebering_ecumenical_altar_box,
          grunt_decor_cap, kennysheep_doodads
D:3:      layout_rooms, lemuel_crystal_altar, lemuel_crystal_altar, uniq_ijyb
D:6:      dreamdust_elfheim, layout_basic, nzn_wu_jian_council_hall,
          kennysheep_mini_moat, grunt_dithmenos_smoke_and_mirrors, uniq_maggie,
          uniq_edmund, uniq_pikel

Skill      XL: |  1  2  3  4 |
---------------+-------------+-----
Axes           | 3 4 5 |  5.8
Armour         | 2 |  2.1
Fighting       | |  2.0
Throwing       | |  1.0
Dodging        | |  2.1
Spellcasting   | |  2.0
Translocations | |  2.4

Action                   |  1- 3 |  4- 6 || total
-------------------------+-------+-------++-------
Melee: Hand axe          |    54 |    52 ||   106
       Kick              |    17 |    13 ||    30
       Peck              |     7 |    12 ||    19
       Punch             |     1 |     1 ||     2
Throw: Boomerang         |    16 |       ||    16
       Javelin           |    26 |     4 ||    30
  Use: Scroll            |     4 |     3 ||     7
Armor: Leather armour    |     8 |       ||     8
       Chain mail        |    17 |     1 ||    18
       Plate armour      |       |    33 ||    33
Dodge: Dodged            |    21 |     8 ||    29

Table legend:
 A = Non-vault XP
 B = Vault XP
 C = Vault XP percentage of total XP
 D = Non-vault monster count
 E = Vault monster count
 F = Vault count percentage of total count
                 A         B        C        D         E       F
            +---------+---------+-------+---------+---------+-------
      Total |     191 |      64 |  25.1 |      40 |      12 |  23.1
            +---------+---------+-------+---------+---------+-------
        D:1 |      38 |      11 |  22.4 |      23 |       6 |  20.7
        D:2 |      27 |      18 |  40.0 |      10 |       5 |  33.3
        D:3 |      17 |      35 |  67.3 |       3 |       1 |  25.0
        D:6 |     109 |       0 |   0.0 |       4 |       0 |   0.0
            +---------+---------+-------+---------+---------+-------
